 Dungeon Crawl Stone Soup version 0.30-a0-578-gdee14c521f (webtiles) character file.

Game seed: 14832077314480307991

428 Newt the Trooper (level 6, -2/48 HPs)
             Began as a Demonspawn Gladiator on Dec 31, 2022.
             Slain by a scorpion (4 damage)
             ... on level 4 of the Dungeon.
             The game lasted 00:04:12 (3900 turns).

Newt the Trooper (Demonspawn Gladiator)             Turns: 3900, Time: 00:04:13

Health: -2/48      AC:  3    Str: 15 (16) XL:     6   Next: 65%
Magic:  6/6        EV: 12    Int:  7 (9)  God:
Gold:   111        SH:  0    Dex: 14 (17) Spells: 5/5 levels left

rFire   + + .      SeeInvis .    v - +6 flail of Hidieplij {freeze, *Corrode rF++ Dex+2 Stlth+}
rCold   . . .      Faith    .    (no shield)
rNeg    + . .      Spirit   .    b - +0 leather armour
rPois   .          Reflect  .    (helmet restricted)
rElec   .          Harm     .    (no cloak)
rCorr   .          Rampage  .    (no gloves)
Will    .....                    k - +0 pair of boots
Stlth   ++                       (no amulet)
HPRegen 0.28/turn                o - ring of positive energy
MPRegen 0.20/turn                (no ring)

@: confused, lethally poisoned (-2 -> -13), ambrosia-drunk, corroded,
attractive, hasted, very quick
A: antennae 1, yellow scales 2, magic regeneration
a: no special abilities


You were on level 4 of the Dungeon.
You visited 1 branch of the dungeon, and saw 4 of its levels.

You collected 171 gold pieces.
You spent 60 gold pieces at shops.

Inventory:

Hand Weapons
 a - a +0 rapier
 g - a +1 great sword
 v - the +6 flail of Hidieplij (weapon) {freeze, *Corrode rF++ Dex+2 Stlth+}
   (You found it on level 4 of the Dungeon)

   It freezes those it strikes, dealing additional cold damage.
   It can also slow down cold-blooded creatures.
   Dex:       It affects your dexterity (+2).
   rF:        It greatly protects you from fire.
   *Corrode:  It may corrode you when you take damage.
   Stlth:     It makes you more stealthy.
Missiles
 d - 2 throwing nets (quivered)
 e - a javelin
 l - 5 silver boomerangs
 n - 5 poisoned darts
Armour
 b - a +0 leather armour (worn)
 c - a +0 helmet
 k - a +0 pair of boots (worn)
Jewellery
 o - a ring of positive energy (left hand)
Scrolls
 f - 2 scrolls of teleportation
 j - 2 scrolls of fog
 w - a scroll of noise {unknown}
Potions
 h - 3 potions of mutation
 i - a potion of might
 q - a potion of berserk rage
 r - a potion of lignification
 s - a potion of magic


   Skills:
 - Level 4.0 Fighting
 - Level 2.6(3.5) Short Blades
 - Level 3.4(4.0) Long Blades
 + Level 3.1 Maces & Flails
 - Level 1.7 Throwing
 - Level 2.6 Dodging
 - Level 2.0 Stealth


You had 5 spell levels left.
You didn't know any spells.
Your spell library contained the following spells:

 Spells                   Type           Power      Damage    Failure   Level
 Gell's Gravitas          Tloc           0%         N/A       86%         3
 Teleport Other           Tloc           0%         N/A       86%         3
 Dispersal                Tloc           0%         N/A       100%        6


Dungeon Overview and Level Annotations

Branches:
Dungeon (4/15)
 Temple: D:4-7

Altars:

Shops:
D:2 !


Innate Abilities, Weirdness & Mutations

You have a pair of small antennae on your head.
You are mostly covered in yellow scales. (AC +3)
You regenerate magic rapidly.


Message History

You feel very sick. The scorpion stings you.
* * * LOW HITPOINT WARNING * * *
You are more poisoned.
The scorpion poisons you!
It was a potion of ambrosia.
You are confused.
You feel invigorated.
* * * LOW HITPOINT WARNING * * *
You feel very sick. The scorpion barely misses you.
It was a potion of haste.
You feel yourself speed up.
* * * LOW HITPOINT WARNING * * *
You feel very sick. The scorpion stings you.
* * * LOW HITPOINT WARNING * * *
The scorpion barely misses you.
It was a potion of degeneration.
There was something very wrong with that liquid.
You feel weakened.
You feel dopey.
You feel clumsy.
* * * LOW HITPOINT WARNING * * *
You feel sick.
Non-targeted confused throw: 3 throwing nets
Press: ? - help, Dir - look around, f - activate You throw a throwing net.
* * * LOW HITPOINT WARNING * * *
You feel sick. The scorpion stings you.
* * * LOW HITPOINT WARNING * * *
You are more poisoned.
The scorpion poisons you!
You sock the scorpion! You freeze the scorpion.
The scorpion is heavily wounded.
* * * LOW HITPOINT WARNING * * *
You feel very sick. The scorpion barely misses you.
You're too confused to move!
* * * LOW HITPOINT WARNING * * *
You feel very sick. The scorpion stings you.
You die...

<.....#.. .......##.....
.# #. .
.....#......>...##.
####.#..)...?...........
#....#.................#
+......................[
+..8..........>.........
+...................#...
#......@............###.
#####.s##...............
##. #............... ##
##..............
###............
##...##.###..#
#.............
##.#.....#....
####..#####..


You could see a scorpion.

Vanquished Creatures
  A black bear (D:4)
  A jelly (D:3)
  Jessica (D:2)
  2 orc wizards (D:4)
  Natasha (thrice) (D:4)
  4 gnolls (D:3)
  5 adders
  3 worms (D:2)
  A dart slug (D:3)
  9 orcs
  6 endoplasms
  A giant cockroach (D:3)
  7 goblins
  5 hobgoblins
  A jackal (D:2)
  5 quokkas
  8 ball pythons
  2 bats
  2 frilled lizards
  5 kobolds
  2 rats
74 creatures vanquished.

Notes
Turn   | Place    | Note
-------+----------+-------------------------------------------
     0 | D:1      | Newt the Demonspawn Gladiator began the quest for the Orb.
     0 | D:1      | Reached XP level 1. HP: 16/16 MP: 1/1
   104 | D:1      | Reached skill level 1 in Stealth
   289 | D:1      | Gained mutation: You are partially covered in yellow
                  | scales. (AC +2) [demonic ancestry]
   289 | D:1      | Reached XP level 2. HP: 22/22 MP: 2/2
   703 | D:2      | Reached skill level 1 in Long Blades
   816 | D:2      | Found Voadgh's Distillery.
   821 | D:2      | Gained mutation: You are mostly covered in yellow scales.
                  | (AC +3) [demonic ancestry]
   821 | D:2      | Reached XP level 3. HP: 12/27 MP: 3/3
  1087 | D:2      | Bought a potion of heal wounds for 60 gold pieces
  1150 | D:2      | Found a faded altar of an unknown god.
  2104 | D:3      | Gained mutation: You have a pair of small antennae on your
                  | head. [demonic ancestry]
  2104 | D:3      | Reached XP level 4. HP: 13/17 MP: 4/4
  2558 | D:3      | Noticed Jessica
  2575 | D:2      | Killed Jessica
  2851 | D:3      | Reached XP level 5. HP: 29/29 MP: 5/5
  3212 | D:4      | Reached skill level 3 in Fighting
  3219 | D:4      | Identified the +6 flail of Hidieplij {freeze, *Corrode rF++
                  | Dex+2 Stlth+}
  3230 | D:4      | Noticed Natasha
  3234 | D:4      | Killed Natasha
  3291 | D:4      | Noticed Natasha
  3300 | D:4      | Killed Natasha
  3348 | D:4      | Noticed Natasha
  3353 | D:4      | Killed Natasha
  3354 | D:4      | Reached skill level 4 in Fighting
  3395 | D:4      | Reached skill level 1 in Maces & Flails
  3395 | D:4      | Gained mutation: You regenerate magic rapidly. [demonic
                  | ancestry]
  3395 | D:4      | Reached XP level 6. HP: 22/45 MP: 6/6
  3894 | D:4      | HP: 2/48 [scorpion (1)]
  3899 | D:4      | HP: 2/48 [poisoned by a scorpion]
  3900 | D:4      | Slain by a scorpion

Illustrated notes

Levels and vault maps discovered:
D:1:      dpeg_arrival_rhombus, layout_loops_ring
D:2:      layout_basic, hellmonk_ecumenical_altar_blasted, serial_shops,
          nicolae_shop_crystal, minmay_tripent
D:3:      layout_loops_cross, uniq_jessica
D:4:      layout_cave_pools, slow_altar_2, uniq_natasha

Skill      XL: |  1  2  3  4  5  6 |
---------------+-------------------+-----
Stealth        | 1 2 |  2.0
Long Blades    | 1 2 3 |  3.4
Fighting       | 4 |  4.0
Maces & Flails | 1 3 |  3.1
Short Blades   | |  2.6
Throwing       | |  1.7
Dodging        | |  2.6

Action                   |  1- 3 |  4- 6 || total
-------------------------+-------+-------++-------
Melee: Great sword       |   124 |    34 ||   158
       Rapier            |     6 |       ||     6
       Punch             |     1 |       ||     1
       Flail             |       |    51 ||    51
Throw: Throwing net      |     3 |     2 ||     5
  Use: Scroll            |     6 |     2 ||     8
       Potion            |     1 |     5 ||     6
 Stab: Sleeping          |     1 |     1 ||     2
       Held in net/web   |       |     1 ||     1
Armor: Leather armour    |    58 |    38 ||    96
Dodge: Dodged            |    90 |    54 ||   144

Table legend: (Time is in decaauts)
 A = Elapsed time spent in this place.
 B = Non-inter-level travel time spent in this place.
 C = Inter-level travel time spent in this place.
 D = Time resting spent in this place.
 E = Time spent auto-exploring this place.
 F = Levels seen in this place.
 G = Mean time per level.
                   A        B        C        D        E       F      G
               +--------+--------+--------+--------+--------+-----+--------+
         Total |   4005 |   3945 |     60 |   1306 |   1912 |   4 | 1001.2 |
       Dungeon |   4005 |   3945 |     60 |   1306 |   1912 |   4 | 1001.2 |
               +--------+--------+--------+--------+--------+-----+--------+

Top non-repeatable levels by time:
     D:2: 1546 daAuts
     D:3: 1060 daAuts
     D:4: 719 daAuts
     D:1: 679 daAuts
